 Seeded DCSS version 0.31-a0-208-gdb31a4691d (webtiles) character file.

Game seed: 11368340539538574604 (custom seed)

62 innerfire43 the Trooper (level 3, -1/30 HPs)
             Began as a Demonspawn Monk on June 28, 2023.
             Slain by a gnoll
             ... wielding a +0 spear
              (9 damage)
             ... on level 2 of the Dungeon.
             The game lasted 00:00:55 (1079 turns).

innerfire43 the Trooper (Demonspawn Monk)           Turns: 1079, Time: 00:00:55

Health: -1/30      AC:  3    Str: 13    XL:     3   Next: 85%
Magic:  3/3        EV: 13    Int: 11    God:
Gold:   82         SH:  0    Dex: 15    Spells: 2/2 levels left

rFire   . . .        a - +0 mace
rCold   . . .        d - orb {light}
rNeg    . . .        b - +0 robe
rPois   .            (no helmet)
rElec   .            (no cloak)
rCorr   .            h - +0 pair of gloves
SInv    .            (no boots)
Will    .....        (no amulet)
Stlth   +            (no ring)
HPRegen 0.25/turn    (no ring)
MPRegen 0.08/turn

%: no passive effects
@: glowing
A: hooves 1
a: no special abilities


You were on level 2 of the Dungeon.
You visited 1 branch of the dungeon, and saw 2 of its levels.

You collected 82 gold pieces.

Inventory:

Hand Weapons
 a - a +0 mace (weapon)
Armour
 b - a +0 robe (worn)
 d - an orb of light (worn)
 h - a +0 pair of gloves (worn)
Scrolls
 e - a scroll of fog {unknown}
 i - a scroll of torment {unknown}
 j - 2 scrolls of identify {unknown}
 k - a scroll of teleportation {unknown}
 m - a scroll of butterflies {unknown}
Potions
 c - a potion of ambrosia
 f - a potion of heal wounds {unknown}
 g - a potion of enlightenment {unknown}
 l - a potion of curing {unknown}


   Skills:
 * Level 3.8 Fighting
 * Level 3.4 Maces & Flails
 + Level 3.1 Dodging


You had 2 spell levels left.
You didn't know any spells.
Your spell library was empty.

Dungeon Overview and Level Annotations

Branches:
Dungeon (2/15)

Altars:

Shops:
D:1 ?


Innate Abilities, Weirdness & Mutations

You have large cloven feet.


Message History

There is a stone staircase leading down here.
Found a stone staircase leading up.
No target in view!
A gnoll comes into view. It is wielding a +0 club.
The gnoll shouts!
You hear a shout!
A gnoll comes into view. It is wielding a +0 club.
A goblin comes into view. It is wielding a +0 club.
There are monsters nearby!
You hit the gnoll. You kick the gnoll, but do no damage.
The gnoll is heavily wounded.
A gnoll comes into view. It is wielding a +0 spear.
The gnoll hits you with a +0 club! The gnoll hits you with a +0 club.
There are monsters nearby!
You hit the gnoll. You kick the gnoll.
The gnoll is almost dead.
The gnoll misses you. The gnoll barely misses you.
There are monsters nearby!
You hit the gnoll.
You kill the gnoll!
The gnoll hits you with a +0 club.
You hit the gnoll.
The gnoll is heavily wounded.
The gnoll barely misses you. The gnoll hits you with a +0 club.
The goblin barely misses you.
There are monsters nearby!
Unknown command.
You are too injured to fight recklessly!
Unknown command.
You are too injured to fight recklessly!
The goblin misses you. The gnoll hits you with a +0 spear.
The gnoll barely misses you.
Things that are here:
a +0 club; 2 throwing nets; a gnoll corpse You hit the gnoll.
You kill the gnoll!
The gnoll hits you with a +0 spear.
* * * LOW HITPOINT WARNING * * *
The goblin closely misses you. The gnoll hits you with a +0 spear!
You die...

#.### #.#.# ###
#.#.##############
...#
#.#...............
#..#
#.#.##############
#..##.#.# .......
#..#.#.# ######
#.gg..# # ###@#.#
# #.#... #
#.#.##.# #
#.#.....####### #
#+####........# #
..........# #
..........#
..........# #.
.........# #.


You could see a gnoll and a goblin.

Vanquished Creatures
  3 gnolls
  A dart slug (D:1)
  3 ball pythons
  2 endoplasms (D:1)
  3 giant cockroaches (D:2)
  7 hobgoblins
  2 bats
  2 frilled lizards
  7 kobolds
  A rat (D:1)
31 creatures vanquished.

Notes
Turn   | Place    | Note
-------+----------+-------------------------------------------
     0 | D:1      | innerfire43 the Demonspawn Monk began the quest for the
                  | Orb.
     0 | D:1      | Reached XP level 1. HP: 18/18 MP: 1/1
   134 | D:1      | You fall into a shaft and drop 1 floor!
   161 | D:2      | Gained mutation: You have large cloven feet. [demonic
                  | ancestry]
   161 | D:2      | Reached XP level 2. HP: 24/24 MP: 2/2
   404 | D:1      | Found Voneorhazarph's Magic Scroll Emporium.
   457 | D:1      | Reached XP level 3. HP: 12/29 MP: 3/3
  1079 | D:2      | Slain by a gnoll

Illustrated notes

Levels and vault maps discovered:
D:1:      saegor_arrival_simple_a, layout_basic, serial_shops, shop
D:2:      layout_basic, shapermc_ecumenical_altar_mp_vishouse

Skill      XL: |  1  2  3 |
---------------+----------+-----
Maces & Flails | 3 |  3.4
Dodging        | 3 |  3.1
Fighting       | |  3.8

Action                     || total
---------------------------++-------
  Melee: Mace              ||    66
         Kick              ||    10
 Armour: Robe              ||    13
  Dodge: Dodged            ||    44

Table legend: (Time is in decaauts)
 A = Elapsed time spent in this place.
 B = Non-inter-level travel time spent in this place.
 C = Inter-level travel time spent in this place.
 D = Time resting spent in this place.
 E = Time spent auto-exploring this place.
 F = Levels seen in this place.
 G = Mean time per level.
                   A        B        C        D        E       F      G
               +--------+--------+--------+--------+--------+-----+--------+
         Total |   1094 |   1087 |      7 |      0 |    879 |   2 |  547.0 |
       Dungeon |   1094 |   1087 |      7 |      0 |    879 |   2 |  547.0 |
               +--------+--------+--------+--------+--------+-----+--------+

Top non-repeatable levels by time:
     D:1: 816 daAuts
     D:2: 278 daAuts
